 Dungeon Crawl Stone Soup version 0.30-a0-1074-g5db6f66fbb (webtiles) character file.

Game seed: 2059855599473455769

94 OrthodoxDeviant the Digger (level 4, -1/33 HPs)
             Began as a Ghoul Earth Elementalist on Apr 14, 2023.
             Slain by an iguana (12 damage)
             ... on level 4 of the Dungeon.
             The game lasted 00:07:39 (3185 turns).

OrthodoxDeviant the Digger (GhEE)                   Turns: 3185, Time: 00:07:39

Health: -1/33      AC:  3    Str: 11    XL:     4   Next: 63%
Magic:  1/6        EV: 12    Int: 12    God:
Gold:   112        SH:  0    Dex:  9    Spells: 3/7 levels left

rFire   . . .      SeeInvis .    s - +1 dagger (drain)
rCold   + . .      Faith    .    (no shield)
rNeg    + + +      Spirit   .    a - +0 robe
rPois   ∞          Reflect  .    (no helmet)
rElec   .          Rampage  .    (no cloak)
rCorr   .                        o - +0 pair of gloves
Will    +....                    (no boots)
Stlth   ++                       (no amulet)
HPRegen 0.00/turn                e - ring of willpower
MPRegen 0.10/turn                (no ring)

@: inhibited regen
A: claws 1, cold resistance 1, negative energy resistance 3, inhibited
regeneration, torment resistance 2, devour on kill
a: no special abilities


You were on level 4 of the Dungeon.
You visited 1 branch of the dungeon, and saw 4 of its levels.

You collected 112 gold pieces.

Inventory:

Hand Weapons
 s - a +1 dagger of draining (weapon)
Missiles
 l - 7 stones
Armour
 a - a +0 robe (worn)
 o - a +0 pair of gloves (worn)
Jewellery
 e - a ring of willpower (left hand)
Wands
 q - a wand of light (13)
Scrolls
 f - a scroll of acquirement {unknown}
 i - a scroll of teleportation {unknown}
 k - a scroll of fog
 m - a scroll of blinking {unknown}
 n - 8 scrolls of identify {unknown}
 p - a scroll of butterflies {unknown}
 u - 4 scrolls of noise {unknown}
 w - a scroll of fear {unknown}
 x - a scroll of vulnerability {unknown}
Potions
 b - a potion of magic
 c - a potion of flight {unknown}
 d - a potion of invisibility {unknown}
 g - a potion of cancellation {unknown}
 h - 3 potions of heal wounds {unknown}
 j - a potion of lignification {unknown}
 r - a potion of haste {unknown}
 t - a potion of attraction {unknown}
 v - a potion of might {unknown}
 z - a potion of ambrosia {unknown}


   Skills:
 - Level 1.7 Dodging
 - Level 2.1 Stealth
 - Level 2.4 Spellcasting
 * Level 1.4 Conjurations
 - Level 0.8 Transmutations
 * Level 4.7 Earth Magic


You had 3 spell levels left.
You knew the following spells:

 Your Spells              Type           Power      Damage    Failure   Level
a - Sandblast             Erth           24%        2d8       3%          1
b - Stone Arrow           Conj/Erth      16%        3d8       22%         3

Your spell library contained the following spells:

 Spells                   Type           Power      Damage    Failure   Level
 Passwall                 Tmut/Erth      6%         N/A       13%         2
 Frozen Ramparts          Ice            2%         1d1       61%         3
 Petrify                  Tmut/Erth      8%         N/A       63%         4
 Olgreb's Toxic Radiance  Pois           1%         N/A       95%         4
 Summon Ice Beast         Ice/Summ       1%         N/A       95%         4
 Discord                  Hex            0%         N/A       100%        8
 Ignition                 Fire           0%         3d3       100%        8
 Ice Form                 Ice/Tmut       Unusable   N/A       N/A         4

Dungeon Overview and Level Annotations

Branches:
Dungeon (4/15)
 Temple: D:4-7

Altars:

Annotations:
D:3 Terence
D:4 baller8008's ghost, amateur DECj


Innate Abilities, Weirdness & Mutations

You are immune to poison.
You have sharp fingernails.
Your flesh is cold resistant. (rC+)
You are immune to negative energy. (rN+++)
You do not regenerate when monsters are visible.
You are immune to unholy pain and torment.
You thrive by killing the living.


Message History

Press: ? - help, Shift-Dir - straight line, f - iguana
Aim: an iguana (84% to hit)
The blast of sand misses the iguana.
Unknown command.
Casting: Sandblast (safe; 3% risk of failure)
Confirm with . or Enter, or press ? or * to list all spells.
Aiming: Sandblast (safe; 3% risk of failure)
Press: ? - help, Shift-Dir - straight line, f/p - iguana
Aim: an iguana (84% to hit)
The blast of sand hits the iguana but does no damage.
Unknown command.
Casting: Sandblast (safe; 3% risk of failure)
Confirm with . or Enter, or press ? or * to list all spells.
The spell is quite dangerous to miscast (22% risk of failure)!
Continue anyway?
Aiming: Stone Arrow (quite dangerous; 22% risk of failure)
Press: ? - help, Shift-Dir - straight line, f/p - iguana
Aim: an iguana (69% to hit)
The stone arrow hits the iguana!
The iguana is severely wounded.
The iguana bites you!
Unknown command.
Unknown command.
Unknown command.
Casting: Stone Arrow (quite dangerous; 22% risk of failure)
Confirm with . or Enter, or press ? or * to list all spells.
Aiming: Sandblast (safe; 3% risk of failure)
Press: ? - help, Shift-Dir - straight line, f/p - iguana
Aim: an iguana (severely wounded, 84% to hit)
The blast of sand hits the iguana.
The iguana is almost dead.
The iguana barely misses you.
Unknown command.
The iguana bites you! The goblin hits you with a +0 dagger.
The goblin misses you.
Found 2 stones.
Found a stone.
Found a stone staircase leading down.
Found a stone staircase leading up.
Found 16 gold pieces.
The iguana attacks as you move away! The iguana bites you!
You die...

.. ......# .....##
#####.....###.......
#..
....#.....##.......#
#.. #..#.....#.........
....
##(.#.....#.........
.....
W.(.#.......>....$..
#...# .
#..#...............
#... ..##
#.....gl@...<... #.
..... #..#............
##
########.g#............
#
..........#...#.......#
#
..........##..#########
## ####......##..# #.
######..#..# ##.
##....# ######## #..
#....## #......####.#


You could see an iguana and a goblin.

Vanquished Creatures
  A gnoll (D:3)
  2 adders (D:3)
  3 worms
  2 orcs (D:3)
  7 ball pythons
  4 endoplasms
  3 giant cockroaches
  4 goblins
  4 hobgoblins
  2 jackals (D:1)
  2 quokkas
  7 bats
  2 frilled lizards
  5 kobolds
  4 rats
52 creatures vanquished.

Notes
Turn   | Place    | Note
-------+----------+-------------------------------------------
     0 | D:1      | OrthodoxDeviant the Ghoul Earth Elementalist began the
                  | quest for the Orb.
     0 | D:1      | Reached XP level 1. HP: 14/14 MP: 2/2
   161 | D:1      | Reached XP level 2. HP: 20/20 MP: 2/4
   867 | D:2      | Reached skill level 4 in Earth Magic
   867 | D:2      | Reached XP level 3. HP: 26/26 MP: 0/5
   920 | D:2      | Learned a level 3 spell: Stone Arrow
  2053 | D:3      | Found a faded altar of an unknown god.
  2375 | D:3      | Reached skill level 1 in Conjurations
  2375 | D:3      | Reached XP level 4. HP: 30/33 MP: 2/6
  2867 | D:3      | Noticed Terence
  3177 | D:4      | Noticed a phantom
  3179 | D:4      | Noticed baller8008's ghost (amateur DECj)
  3185 | D:4      | Slain by an iguana

Illustrated notes

Levels and vault maps discovered:
D:1:      dpeg_arrival_line_fractal, layout_rooms
D:2:      layout_loops_corners, dk_noncrumbling_3
D:3:      kb_forest_paths, layout_basic, shapermc_ecumenical_altar_mp_highgroup,
          uniq_terence
D:4:      layout_cave_pods, gammafunk_ghost_split, uniq_pikel

Skill      XL: |  1  2  3 |
---------------+----------+-----
Spellcasting   | 2 |  2.4
Earth Magic    | 4 |  4.7
Conjurations   | 1 |  1.4
Dodging        | |  1.7
Stealth        | |  2.1
Transmutations | |  0.8

Action                     |  1- 3 |  4- 6 || total
---------------------------+-------+-------++-------
  Melee: Unarmed           |    27 |       ||    27
         Spear             |     5 |       ||     5
   Cast: Sandblast         |    67 |    21 ||    88
         Stone Arrow       |       |     1 ||     1
    Use: Scroll            |     1 |       ||     1
 Armour: Robe              |     9 |     2 ||    11
  Dodge: Dodged            |    35 |     4 ||    39

Table legend: (Time is in decaauts)
 A = Elapsed time spent in this place.
 B = Non-inter-level travel time spent in this place.
 C = Inter-level travel time spent in this place.
 D = Time resting spent in this place.
 E = Time spent auto-exploring this place.
 F = Levels seen in this place.
 G = Mean time per level.
                   A        B        C        D        E       F      G
               +--------+--------+--------+--------+--------+-----+--------+
         Total |   3232 |   3021 |    211 |    262 |   2135 |   4 |  808.0 |
       Dungeon |   3232 |   3021 |    211 |    262 |   2135 |   4 |  808.0 |
               +--------+--------+--------+--------+--------+-----+--------+

Top non-repeatable levels by time:
     D:2: 1288 daAuts
     D:3: 1105 daAuts
     D:1: 720 daAuts
     D:4: 118 daAuts
